 Dungeon Crawl Stone Soup version 0.21.0-3-g78d12a8 (console) character file.

201 removed the Ruffian (level 5, -2/37 HPs)
             Began as a Barachi Transmuter on Jan 17, 2018.
             Slain by Menkaure (7 damage)
             ... on level 4 of the Dungeon.
             The game lasted 00:02:44 (3460 turns).

removed the Ruffian (Barachi Transmuter)            Turns: 3460, Time: 00:02:44

Health: -2/37      AC:  3    Str: 13    XL:     5   Next: 79%
Magic:  8/8        EV: 12    Int: 13    God:
Gold:   158        SH:  0    Dex: 12    Spells: 7/8 levels left

rFire    . . .     SeeInvis .     - Unarmed
rCold    . . .     Gourm    .   (no shield)
rNeg     . . .     Faith    .   b - +0 robe
rPois    .         Spirit   .   q - +0 helmet
rElec    .         Reflect  .   (no cloak)
rCorr    .         Harm     .   (no gloves)
MR       .....                  (no boots)
Stlth    ++........             (no amulet)
HPRegen  0.12/turn              j - ring of stealth
MPRegen  0.11/turn              (no ring)

@: slow
A: +LOS, swims, slowness 1, strong legs 1
a: Hop


You were on level 4 of the Dungeon.
You were very hungry.

You visited 1 branch of the dungeon, and saw 4 of its levels.

You collected 158 gold pieces.

Inventory:

Missiles
 a - 41 arrows
 n - 2 curare-tipped needles
Armour
 b - a +0 robe (worn)
 q - a +0 helmet (worn)
Jewellery
 j - a ring of stealth (left hand)
Wands
 u - a wand of polymorph (14)
Scrolls
 e - 3 scrolls of remove curse {unknown}
 f - 2 scrolls of fog {unknown}
 h - 3 scrolls of identify {unknown}
 k - 3 scrolls of amnesia {unknown}
 l - a scroll of blinking {unknown}
 p - a scroll of fear {unknown}
 s - a scroll of enchant weapon {unknown}
Potions
 m - a potion of agility {unknown}
 w - a potion of brilliance {unknown}
 x - a potion of flight {unknown}
Books
 c - a book of Changes

   Spells                             Type                      Level
   a - Beastly Appendage              Transmutation                1
   b - Sticks to Snakes               Transmutation                2
   c - Spider Form                    Transmutation/Poison         3
   d - Ice Form                       Ice/Transmutation            4
   e - Blade Hands                    Transmutation                5
Comestibles
 d - 5 rations


   Skills:
 - Level 1.2 Fighting
 - Level 2.1 Dodging
 + Level 6.9 Unarmed Combat
 - Level 2.1 Spellcasting
 - Level 2.1 Transmutations


You had 7 spell levels left.
You knew the following spells:

 Your Spells              Type           Power        Failure   Level  Hunger
a - Beastly Appendage     Tmut           #.....       10%         1    ##.....


Dungeon Overview and Level Annotations

Branches:
Dungeon (4/15)
 Temple: D:4-7

Altars:
Cheibriados
Trog

Annotations:
D:4 Menkaure


Innate Abilities, Weirdness & Mutations

Shadows flee at your approach. (+LOS)
You can swim through water.
You cover ground slowly.
You can hop short distances.


Message History

* * * LOW HITPOINT WARNING * * *
Evoke which item? (* to show all) (? for menu, Esc to quit)
Aiming: Polymorph
Press: ? - help, Shift-Dir - straight line, f/p - Menkaure
Aim: Menkaure (heavily damaged, fast, chance to defeat MR: 46%) Menkaure is unaffected.
Menkaure calls on the powers of darkness!
Your body is wracked with pain!
* * * LOW HITPOINT WARNING * * *
Evoke which item? (* to show all) (? for menu, Esc to quit)
Aiming: Polymorph
Press: ? - help, Shift-Dir - straight line, f/p - Menkaure
Aim: Menkaure (heavily damaged, fast, chance to defeat MR: 46%) Menkaure is unaffected.
Menkaure barely misses you.
Evoke which item? (* to show all) (? for menu, Esc to quit)
Aiming: Polymorph
Press: ? - help, Shift-Dir - straight line, f/p - Menkaure
Aim: Menkaure (heavily damaged, fast, chance to defeat MR: 46%) Menkaure is unaffected.
Menkaure barely misses you. Menkaure hits you!
You die...

##
..###..######
.......M@...#
#.#.#######.#
.........#
##.#####.#
#..>.# #
#.##.#
#.##.##.#
#.......#
####.####


You could see Menkaure.

Vanquished Creatures
  A bullfrog (D:3)
  Robin (D:2)
  3 adders
  An adder skeleton (D:4)
  5 worms
  4 dart slugs
  4 leopard geckos
  3 orcs (D:3)
  15 goblins
  11 hobgoblins
  8 kobolds
  A quokka (D:2)
  4 bats
  A frilled lizard (D:3)
  6 rats
68 creatures vanquished.

Notes
Turn   | Place    | Note
-------+----------+-------------------------------------------
     0 | D:1      | removed the Barachi Transmuter began the quest for the Orb.
     0 | D:1      | Reached XP level 1. HP: 15/15 MP: 3/3
   225 | D:1      | Reached XP level 2. HP: 13/21 MP: 5/5
   349 | D:1      | Reached skill level 4 in Unarmed Combat
   660 | D:1      | Reached XP level 3. HP: 26/26 MP: 6/6
   975 | D:2      | Noticed Robin
  1083 | D:2      | Reached skill level 5 in Unarmed Combat
  1341 | D:2      | Killed Robin
  1341 | D:2      | Reached XP level 4. HP: 20/32 MP: 7/7
  1803 | D:2      | Found a bloodstained altar of Trog.
  2631 | D:3      | Reached skill level 6 in Unarmed Combat
  2639 | D:3      | Reached XP level 5. HP: 20/37 MP: 8/8
  2847 | D:3      | Found a snail-covered altar of Cheibriados.
  3448 | D:4      | Noticed Menkaure
  3460 | D:4      | Slain by Menkaure

Skill      XL: |  1  2  3  4 |
---------------+-------------+-----
Unarmed Combat | 4 5 6 |  6.9
Fighting       | |  1.2
Dodging        | |  2.1
Spellcasting   | |  2.1
Transmutations | |  2.1

Action                   |  1- 3 |  4- 6 || total
-------------------------+-------+-------++-------
Melee: Unarmed           |   118 |   128 ||   246
       Punch             |     1 |     2 ||     3
Evoke: Wand              |       |     6 ||     6
 Stab: Sleeping          |     2 |     4 ||     6
  Eat: Chunk             |     2 |     6 ||     8
Armor: Robe              |    22 |    19 ||    41
Dodge: Dodged            |    70 |    73 ||   143
